 Dungeon Crawl Stone Soup version 0.28-a0-828-g0121872642 (webtiles) character file.

Game seed: 1892947831560418262

0 meatgazer the Skirmisher (level 1, -7/18 HPs)
             Began as a Demonspawn Abyssal Knight on Nov 10, 2021.
             Was a Follower of Lugonu.
             Mangled by a tentacled starspawn (11 damage)
             ... on level 3 of the Abyss.
             The game lasted 00:00:30 (120 turns).

meatgazer the Skirmisher (Demonspawn Abyssal Knight) Turns: 120, Time: 00:00:31

Health: -7/18      AC:  3    Str: 13    XL:     1   Next: 0%
Magic:  2/2        EV: 11    Int: 11    God:    Lugonu [*.....]
Gold:   0          SH:  0    Dex: 13    Spells: 0/0 levels left

rFire   . . .      SeeInvis .   a - +2 mace
rCold   . . .      Faith    .   (no shield)
rNeg    . . .      Spirit   .   b - +0 leather armour
rPois   .          Reflect  .   (no helmet)
rElec   .          Harm     .   (no cloak)
rCorr   .          Rampage  .   (no gloves)
Will    .....                   (no boots)
Stlth   +.........              (no amulet)
HPRegen 0.06/turn               (no ring)
MPRegen 0.08/turn               (no ring)

@: no status effects
A: no striking features
a: Renounce Religion, Depart the Abyss


You were on level 3 of the Abyss.
You worshipped Lugonu.
Lugonu was aware of your devotion.
You visited 0 branches of the dungeon, and saw 0 of its levels.
You visited the Abyss 1 time.

Inventory:

Hand Weapons
 a - a +2 mace (weapon)
Armour
 b - a +0 leather armour (worn)
Jewellery
 c - a ring of see invisible


   Skills:
 + Level 3.0 Fighting
 + Level 1.7 Maces & Flails
 + Level 1.7 Armour
 + Level 0.8 Dodging
 + Level 2.4 Invocations


You couldn't memorise any spells.
You didn't know any spells.
Your spell library contained the following spells:

 Spells                   Type           Power      Damage    Failure   Level
 Call Imp                 Summ           0%         N/A       56%         2
 Static Discharge         Conj/Air       0%         N/A       56%         2
 Hailstorm                Conj/Ice       0%         3d3       99%         4
 Ice Form                 Ice/Tmut       0%         N/A       99%         4
 Irradiate                Conj/Tmut      0%         3d13      100%        5
 Simulacrum               Ice/Necr       0%         N/A       100%        6
 Summon Cactus Giant      Summ           0%         N/A       100%        6


Dungeon Overview and Level Annotations

Branches:
Dungeon (0/15)

Altars:


Message History

A tentacled starspawn comes into view.
As you read the scroll labelled BAT MURRAGUTUE, it crumbles to dust.
It is a scroll of enchant weapon.
Your +1 mace glows red for a moment.
Found the Grimoire of the Hurtful Entourage.
A tentacle flies out from the starspawn's body!
A starspawn tentacle comes into view.
Found a great sword.
You pick up the Grimoire of the Hurtful Entourage and begin reading...
You add the spells Static Discharge, Call Imp, Irradiate and Summon Cactus Giant to your library.
Tentacles burst from the starspawn's body! 2 starspawn tentacles come into view.
A sun demon comes into view.
The sun demon shouts!
You hear a shout! x2
A sun demon comes into view.
A balrug comes into view.
It is wielding a +0 demon whip of electrocution.
A tentacled starspawn comes into view.
A kobold demonologist comes into view. It is wielding a +0 dagger.
The sun demon moves out of view.
Found a book of the Tundra.
Tentacles burst from the starspawn's body!
The kobold demonologist miscasts a cantrip. 2 starspawn tentacles come into view.
A sun demon comes into view.
The sun demon moves out of view.
A ynoxinul comes into view.
The ynoxinul bellows!
You hear a shout! x2
The kobold demonologist mumbles some strange words.
The ynoxinul gestures.
The balrug gestures at you. Something smites you!
Ouch! That really hurt!
* * * LOW HITPOINT WARNING * * *
You see here a book of the Tundra.
You pick up a book of the Tundra and begin reading...
You add the spells Hailstorm, Ice Form and Simulacrum to your library.
The kobold demonologist gestures wildly while chanting.
The tentacled starspawn bites you!
Ouch! That really hurt!
You die...

# # ...#....... .#
#.#......##...# ...
.....##.#.#..# ..
.#### #...#.##.####
.# .#####..#..5...#
#.#. ..#.#.2X.K#. .
#..#. #.##..#...2ww
#.. ###.3..#.#..#X#
...##..@X.#..# ...
##..##....##....#.3
.###....#.#####. #
.#.###....# .#..
#####.# .##### ..#
# ..


You could see 2 tentacled starspawn, a balrug, a sun demon, a kobold
demonologist and an iron imp (summoned).

Vanquished Creatures (others)
  6 starspawn tentacles (Abyss:3)
6 creatures vanquished.

Notes
Turn   | Place    | Note
-------+----------+-------------------------------------------
     0 | Abyss:1  | meatgazer the Demonspawn Abyssal Knight began the quest for
                  | the Orb.
     0 | Abyss:1  | Reached XP level 1. HP: 18/18 MP: 2/2
    94 | Abyss:3  | Noticed a tentacled starspawn
   105 | Abyss:3  | Got the Grimoire of the Hurtful Entourage
   114 | Abyss:3  | Noticed a sun demon
   114 | Abyss:3  | Noticed a sun demon
   114 | Abyss:3  | Noticed a balrug
   114 | Abyss:3  | Noticed a tentacled starspawn
   114 | Abyss:3  | Noticed a kobold demonologist
   117 | Abyss:3  | Noticed a sun demon
   118 | Abyss:3  | Noticed a ynoxinul
   120 | Abyss:3  | Mangled by a tentacled starspawn

Illustrated notes

Levels and vault maps discovered:
Abyss:3:  base: Temple, nicolae_abyss_rune_star_stuff, minivault_11,
          evilmike_abyss_exit_13, abyss_furniture_001

Action                   || total
-------------------------++-------
  Use: Scroll            ||     1

Table legend: (Time is in decaauts)
 A = Elapsed time spent in this place.
 B = Non-inter-level travel time spent in this place.
 C = Inter-level travel time spent in this place.
 D = Time resting spent in this place.
 E = Time spent auto-exploring this place.
 F = Levels seen in this place.
 G = Mean time per level.
                   A        B        C        D        E       F      G
               +--------+--------+--------+--------+--------+-----+--------+
         Total |    119 |    119 |      0 |      0 |     70 |   3 |   39.7 |
         Abyss |    119 |    119 |      0 |      0 |     70 |   3 |   39.7 |
               +--------+--------+--------+--------+--------+-----+--------+

Top non-repeatable levels by time:
 Abyss:3: 56 daAuts
 Abyss:1: 49 daAuts
 Abyss:2: 13 daAuts
